 Dungeon Crawl Stone Soup version 0.23-a0-577-g2b1de94 (webtiles) character file.

238 Lanoc the Covered (level 5, -2/45 HPs)
             Began as a Demigod Fighter on Dec 14, 2018.
             Killed by divine providence
             ... invoked by an orc priest
              (12 damage)
             ... on level 4 of the Dungeon.
             The game lasted 00:03:41 (2264 turns).

Lanoc the Covered (Demigod Fighter)                 Turns: 2264, Time: 00:03:44

Health: -2/45      AC:  6    Str: 21    XL:     5   Next: 49%
Magic:  7/7        EV:  8    Int: 12    God:
Gold:   186        SH:  9    Dex: 15    Spells: 4/4 levels left

rFire    . . .     SeeInvis .   a - +0 long sword
rCold    . . .     Gourm    .   c - +0 shield
rNeg     . . .     Faith    .   b - +0 scale mail
rPois    .         Spirit   .   (no helmet)
rElec    .         Reflect  .   (no cloak)
rCorr    .         Harm     .   (no gloves)
MR       .....                  (no boots)
Stlth    ..........             (no amulet)
HPRegen  0.15/turn              (no ring)
MPRegen  0.10/turn              (no ring)

@: no status effects
A: high mp 1
a: no special abilities


You were on level 4 of the Dungeon.
You were very hungry.

You visited 1 branch of the dungeon, and saw 4 of its levels.

You collected 186 gold pieces.

Inventory:

Hand Weapons
 a - a +0 long sword (weapon)
Missiles
 k - 30 sling bullets
 r - 2 tomahawks (quivered)
Armour
 b - a +0 scale mail (worn)
 c - a +0 shield (worn)
Scrolls
 e - 8 scrolls of identify {unknown}
 g - 6 scrolls of remove curse {unknown}
 h - a scroll of enchant weapon {unknown}
 i - 2 scrolls of immolation {unknown}
 l - a scroll of teleportation {unknown}
 p - 2 scrolls of amnesia {unknown}
 s - a scroll of blinking {unknown}
Potions
 d - a potion of might
 j - a potion of haste {unknown}
 m - a potion of lignification {unknown}
 n - 2 potions of degeneration {unknown}
 o - 3 potions of curing {unknown}
 q - a potion of invisibility {unknown}
Comestibles
 f - 7 rations


   Skills:
 + Level 3.5 Fighting
 + Level 2.9 Long Blades
 + Level 3.5 Armour
 + Level 2.1 Dodging
 + Level 3.5 Shields


You had 4 spell levels left.
You didn't know any spells.
Your spell library was empty.

Dungeon Overview and Level Annotations

Branches:
Dungeon (4/15)
 Temple: D:4-7


Innate Abilities, Weirdness & Mutations

You have an increased reservoir of magic. (+10% MP)


Message History

An orc priest and an orc wizard come into view.
The orc wizard shouts!
The orc hits you with a cursed -1 flail.
You closely miss the orc. The orc barely misses you.
You riposte.
You slash the orc!
You kill the orc!
The orc priest casts a cantrip, but nothing happens.
The orc wizard casts a spell.
The orc wizard seems to speed up.
An orc comes into view. It is wielding a +0 hand axe.
The orc shouts!
Things that are here:
a cursed -1 flail; an orc corpse You completely miss the orc wizard.
The orc wizard gestures at you while chanting.
The magic dart hits you!
* * * LOW HITPOINT WARNING * * *
The orc priest calls down the wrath of Beogh upon you.
Beogh smites you!
You die...

#....# #....# #....#
###....#####
#..........#########.
#..........'.........
#..................#
.####........####.####..
...o.o.)@....##.....##.#
####.o.o.....#.......#.#
#.........#.......#.##
#.o..........._..)..##
#.........#.......#.##
...........#.......#.##
...<...###..##.....##.##
.......# ..####.####..#
..........


You could see an orc priest, 3 orc wizards and an orc.

Vanquished Creatures
  A big kobold (D:2)
  An orc wizard (D:4)
  A bullfrog skeleton (D:4)
  An iguana (D:4)
  2 adders (D:3)
  3 dart slugs
  2 leopard geckos (D:1)
  6 orcs
  3 ball pythons
  A giant cockroach (D:4)
  6 goblins
  5 hobgoblins
  5 jackals
  7 kobolds
  A quokka (D:2)
  6 bats
  5 frilled lizards
  9 rats
65 creatures vanquished.

Notes
Turn   | Place    | Note
-------+----------+-------------------------------------------
     0 | D:1      | Lanoc the Demigod Fighter began the quest for the Orb.
     0 | D:1      | Reached XP level 1. HP: 18/18 MP: 3/3
   243 | D:1      | Reached XP level 2. HP: 20/25 MP: 4/4
   900 | D:2      | Noticed a big kobold
   911 | D:2      | Killed a big kobold
   911 | D:2      | Reached skill level 1 in Dodging
   911 | D:2      | Reached XP level 3. HP: 21/31 MP: 5/5
   911 | D:2      | Reached XP level 4. HP: 26/38 MP: 6/6
  1550 | D:3      | Found a bloodstained altar of Trog.
  1975 | D:3      | Found a faded altar of an unknown god.
  2078 | D:4      | Reached XP level 5. HP: 43/45 MP: 7/7
  2229 | D:4      | Found a shadowy altar of Dithmenos.
  2264 | D:4      | Killed from afar by an orc priest

Vault maps used:
D:1:      psy_arrival_wood_between_worlds
D:2:      minmay_between
D:3:      chequers_ecumenical_altar_simple_redux, trog_book
D:4:      old_standard_altar, first_ration, uniq_duvessa, uniq_edmund

Skill      XL: |  1  2  3  4  5 |
---------------+----------------+-----
Long Blades    | 2 |  2.9
Armour         | 3 |  3.5
Fighting       | 3 |  3.5
Dodging        | 1 2 |  2.1
Shields        | 3 |  3.5

Action                   |  1- 3 |  4- 6 || total
-------------------------+-------+-------++-------
Melee: Long sword        |   109 |   153 ||   262
  Eat: Chunk             |       |     4 ||     4
Armor: Scale mail        |    52 |    75 ||   127
Dodge: Dodged            |    34 |    43 ||    77
Block: Shield            |    77 |    84 ||   161
       Rpst.: Long sword |    11 |    21 ||    32

Table legend:
 A = Non-vault XP
 B = Vault XP
 C = Vault XP percentage of total XP
 D = Non-vault monster count
 E = Vault monster count
 F = Vault count percentage of total count
                 A         B        C        D         E       F
            +---------+---------+-------+---------+---------+-------
      Total |     334 |       7 |   2.1 |      61 |       4 |   6.2
            +---------+---------+-------+---------+---------+-------
        D:1 |      42 |       0 |   0.0 |      24 |       0 |   0.0
        D:2 |     113 |       7 |   5.8 |      12 |       4 |  25.0
        D:3 |      49 |       0 |   0.0 |      16 |       0 |   0.0
        D:4 |     130 |       0 |   0.0 |       9 |       0 |   0.0
            +---------+---------+-------+---------+---------+-------
